 Dungeon Crawl Stone Soup version 0.17.1-3-g152610e (webtiles) character file.

290474 Gargoyl the Tortoise (level 19, -1/173 (177) HPs)
             Began as a Demonspawn Abyssal Knight on Mar 22, 2016.
             Was the Champion of Lugonu.
             Killed from afar by a deep elf annihilator (27 damage)
             ... with a bolt of lightning
             ... on level 3 of the Elven Halls.
             The game lasted 02:20:36 (41197 turns).

Gargoyl the Tortoise (Demonspawn Abyssal Knight)   Turns: 41197, Time: 02:20:36

HP:   -1/173 (177)  AC: 35    Str: 22    XL:     19   Next: 93%
MP:   25/25         EV: 11    Int: 17    God:    Lugonu [******]
Gold: 2506          SH:  0    Dex: 15    Spells: 0 memorised, 18 levels left

rFire  . . .     SeeInvis .     n - +1 battleaxe (vamp)
rCold  + . .     Clarity  +     D - +1 plate armour {rC+}
rNeg   . . .     SustAt   .     (shield currently unavailable)
rPois  +         Gourm    .     S - +2 helmet {Int+3}
rElec  .         Spirit   .     i - +2 cloak {rPois}
rCorr  .         Warding  .     M - +2 pair of gloves
rMut   .         Stasis   .     O - +0 pair of boots of Isuuz {MR+ Str+3}
MR     +++..                    k - amulet of clarity
Stlth  ..........               v - +3 ring of dexterity
                                H - ring of protection from magic

@: lethally poisoned (-1 -> -1), about to teleport, very slightly contaminated,
extremely resistant to hostile enchantments, extremely unstealthy
A: claws 1, yellow scales 1, powered by death 3, robust 1, spiny 3, weak 1
a: Depart the Abyss, Bend Space, Banish, Corrupt, Enter the Abyss, Brand Weapon
With Distortion, Renounce Religion
}: 2/15 runes: decaying, serpentine


You were on level 3 of the Elven Halls.
You worshipped Lugonu.
Lugonu was exalted by your worship.
You were not hungry.

You visited 6 branches of the dungeon, and saw 36 of its levels.
You visited the Abyss 1 time.
You also visited: Labyrinth, Bailey and Wizlab.

You collected 3943 gold pieces.
You spent 1437 gold pieces at shops.

Inventory:

Hand Weapons
 n - a +1 vampiric battleaxe (weapon)
 z - a +1 executioner's axe of electrocution
 R - the +2 morningstar "Killer Klown's Peril" {elec, rElec Stlth+}
   (You found it on level 1 of the Snake Pit)

   Occasionally, upon striking a foe, it will discharge some electrical energy
   and cause terrible harm.
   It insulates you from electricity.
   It makes you more stealthy.
Missiles
 E - 15 javelins (quivered)
Armour
 i - a +2 cloak of poison resistance (worn)
 D - a +1 plate armour of cold resistance (worn)
 M - a +2 pair of gloves (worn)
 O - the +0 pair of boots of Isuuz (worn) {MR+ Str+3}
   (You bought it in a shop on level 5 of the Dungeon)

   It affects your strength (+3).
   It affects your resistance to hostile enchantments.
 Q - a +0 shield of reflection
 S - a +2 helmet of intelligence (worn)
Jewellery
 g - an uncursed ring of flight
 j - an uncursed ring of poison resistance
 k - an amulet of clarity (around neck)
 m - an uncursed ring of magical power {unknown}
 v - a +3 ring of dexterity (right hand)
 y - a cursed ring of teleportation {unknown}
 H - a ring of protection from magic (left hand)
 Y - an uncursed ring of protection from magic
Wands
 t - a wand of heal wounds (9)
 W - a wand of teleportation (3)
Scrolls
 a - 4 scrolls of fog
 f - 5 scrolls of fear
 p - 3 scrolls of recharging
 r - 3 scrolls of remove curse
 x - a scroll of blinking
 A - 4 scrolls of magic mapping
Potions
 e - a potion of berserk rage
 o - 2 potions of heal wounds
 u - 3 potions of haste
 B - 2 potions of resistance
 C - 2 potions of magic
 F - 4 potions of might
 G - a potion of agility
 I - a potion of flight
 L - 3 potions of invisibility
 N - 6 potions of curing
 X - a potion of brilliance
Books
 q - a book of Death

   Spells                             Type                      Level
   a - Corpse Rot                     Necromancy                   2
   b - Sublimation of Blood           Necromancy                   2
   c - Agony                          Necromancy                   5
   d - Dispel Undead                  Necromancy                   5
   e - Excruciating Wounds            Charms/Necromancy            5
   f - Bolt of Draining               Conjuration/Necromancy       5
Miscellaneous
 K - a phial of floods
Comestibles
 b - 8 beef jerkies
 c - 10 bread rations
 h - 15 meat rations
 l - 7 fruits
 s - a slice of pizza


   Skills:
 + Level 17.2 Fighting
 + Level 18.4 Axes
 + Level 1.2(12.5) Maces & Flails
 + Level 1.4 Throwing
 * Level 19.9 Armour
 + Level 5.8 Dodging
 + Level 1.4 Stealth
 + Level 3.6 Shields
 + Level 8.0 Invocations


You had 18 spell levels left.
You didn't know any spells.

Dungeon Overview and Level Annotations

Branches:
Dungeon (13/15) Temple (0/1) D:7 Lair (8/8) D:11 Swamp (4/4) Lair:4 Snake (4/4) Lair:5 Slime (0/6) Lair:7 Orc (4/4) D:11 Elf (3/3) Orc:3 Vaults (0/5) D:12 D:13

Altars:
Cheibriados
Elyvilon
Kikubaaqudgha
Makhleb
Ru
Trog
Xom
Zin
The Shining One
Beogh

Shops:
D:4 ?   D:5 [   Orc:1 =   Orc:4 :([*(

Portals:
Trove: D:10 (give +4 demon trident)

Annotations:
D:12 Sonja
Abyss:1 Saint Roka


Innate Abilities, Weirdness & Mutations

You have sharp fingernails.
You are partially covered in yellow scales (AC +2).
You regenerate a lot of health from kills.
You are robust (+10% HP).
You are completely covered in sharp spines.
You are weak. (Str -2)


Message History

You feel strangely unstable.
You feel sick.
The deep elf blademaster is struck by your spines.
The deep elf blademaster hits you but does no damage.
The deep elf blademaster barely misses you.
The deep elf annihilator casts a spell at you.
The iron shot hits you!
* * * LOW HITPOINT WARNING * * *
The deep elf death mage beckons forth a restless soul!
The deep elf blademaster hits you with a rapier.
* * * LOW HITPOINT WARNING * * *
The deep elf blademaster completely misses you.
Read which item? (? for menu, Esc to quit)
Blink to where?
Press: ? - help, Dir - move target cursor You are very lightly contaminated with residual magic.
As you read the scroll of blinking, it crumbles to dust.
You feel sick.
The deep elf annihilator casts a spell at you.
The bolt of lightning hits you!
You die...

.....##.##..... ... #4# ... .
#e# . #e# #ยง# #.#
##############.########
#.............e........ .......
#..............@....... .......
#(.###'#######+##########....#
#..#....................#....#
#..#....................#....#
#..#.................[..#....#
#..#...........(......[.#....#
#..#....############....#....#
#..#....#..........#....((...#
#..#....#..........'...(#)(..###


You could see a deep elf blademaster, a deep elf annihilator, a deep elf
sorcerer and a rust devil.

Vanquished Creatures
  Norris (Snake:4)
  Vashnia (Snake:4)
  A bone dragon (Swamp:4)
  Jorgrun (Elf:3)
  Rupert (Lair:4)
  A tentacled monstrosity (Swamp:2)
  2 quicksilver dragons (WizLab)
  A deep elf blademaster (Elf:3)
  11 tentacled starspawn (WizLab)
  Agnes (Snake:4)
  2 thorn hunters
  6 greater nagas (Snake:4)
  Donald (D:12)
  A deep elf sorcerer (Elf:1)
  A cacodemon (WizLab)
  2 war gargoyles (WizLab)
  5 very ugly things
  3 stone giants (WizLab)
  Nessos (Orc:4)
  A deep elf annihilator (Elf:1)
  3 dire elephants (Lair:8)
  A minotaur (Lab)
  2 deep elf high priests (Elf:1)
  2 deep elf death magi (Elf:2)
  Josephine (Lair:8)
  8 anacondas
  25 naga warriors
  2 ogre magi (Orc:4)
  A hydra (Swamp:4)
  Erolcha (D:10)
  A catoblepas (Lair:6)
  3 great orbs of eyes (WizLab)
  Erica (Orc:1)
  A ghost crab (Swamp:4)
  13 dancing weapons (Elf:2)
  9 alligators
  7 shock serpents
  6 death yaks
  Urug (D:12)
  3 orc high priests
  20 naga sharpshooters
  A small abomination (Orc:3)
  18 deep elf knights
  A spriggan berserker (Swamp:3)
  Nergalle (Orc:2)
  8 giant orange brains (WizLab)
  2 deep trolls
  4 salamander mystics
  A skeletal warrior (D:12)
  2 spriggan druids (Swamp:3)
  An orange crystal statue (WizLab)
  10 deep elf summoners
  11 naga ritualists
  2 unseen horrors
  Pikel (D:6)
  3 swamp dragons
  A shambling mangrove (Swamp:1)
  3 phantasmal warriors (Swamp:4)
  3 spectral hydras (Swamp:4)
  7 hill giants
  An orc knight (Orc:2)
  2 orc sorcerers
  23 deep elf conjurers
  16 mana vipers
  8 ugly things
  An oklob plant (Lair:7)
  2 cyclopes (Orc:4)
  10 salamanders
  2 griffons
  Maurice (D:9)
  48 black mambas
  13 elephants
  3 eyes of devastation (WizLab)
  3 guardian serpents
  2 torpor snails (Lair:5)
  15 naga magi
  The ghost of Gargoyl the Covered, a novice DsAK of Lugonu (D:4)
  26 spiny frogs
  A fire drake (Lair:6)
  6 swamp worm zombies (Swamp:4)
  7 komodo dragons
  8 two-headed ogres
  4 hydra zombies (Swamp:4)
  10 deep elf priests
  A polar bear (Lair:7)
  7 trolls
  17 blink frogs
  7 giant leeches
  5 slime creatures (Swamp:4)
  An alligator zombie (Swamp:4)
  3 spectral swamp dragons (Swamp:4)
  9 bog bodies
  16 humans
  23 deep elf magi
  A hill giant zombie (D:11)
  4 wraiths (Lair:8)
  9 spriggans
  3 wyverns
  32 vampire mosquitoes
  A trapdoor spider (D:11)
  35 yaks
  4 basilisks
  41 deep elf fighters
  4 shadows
  A neqoxec (WizLab)
  13 hippogriffs
  6 hungry ghosts
  Menkaure (D:6)
  A steam dragon (D:12)
  4 hell hounds (Elf:2)
  19 water moccasins
  12 insubstantial wisps
  10 wargs
  26 swamp worms
  6 wolves
  56 nagas
  10 phantoms
  2 black bears
  An eye of draining (D:10)
  9 porcupines
  6 swamp drakes
  12 wasps
  23 ogres
  29 orc warriors
  3 sky beasts
  12 crocodiles
  A necrophage (D:9)
  7 ice beasts
  3 swamp dragon zombies (Swamp:4)
  A brain worm (Lair:1)
  9 giant frogs
  3 big kobolds
  6 centaurs
  8 gnoll sergeants (Bailey)
  3 troll zombies (D:11)
  18 killer bees
  A wyvern skeleton (D:12)
  4 wights (D:8)
  5 crimson imps
  2 electric eels
  6 gnoll shamans (Bailey)
  7 starcursed masses (WizLab)
  19 orc priests
  37 orc wizards
  12 jellies
  13 hounds
  9 iguanas
  6 worker ants
  3 hell rats (D:11)
  18 sheep
  A spectral swamp drake (Swamp:4)
  A hound zombie (D:9)
  2 ogre zombies (D:11)
  3 hound skeletons
  14 adders
  A swamp drake zombie (Swamp:4)
  A worker ant zombie (D:10)
  19 gnolls
  3 shadow imps
  47 river rats
  19 oozes
  13 worms
  175 orcs
  2 ball pythons
  4 giant cockroaches
  17 goblins
  9 hobgoblins
  4 jackals (D:1)
  17 kobolds
  5 bats
  6 giant geckos
  2 giant gecko skeletons (D:4)
  2 giant newts
  3 goblin zombies (D:11)
  A hobgoblin skeleton (D:11)
  3 hobgoblin zombies (D:11)
  A jackal skeleton (D:5)
  4 orc skeletons (D:11)
  8 orc zombies (D:11)
  3 quokkas
  A quokka skeleton (D:4)
  A quokka zombie (D:6)
  4 rats
  5 crawling corpses (Elf:1)
  2 fungi
  7 plants
  12 starspawn tentacles (WizLab)
  A starspawn tentacle segment (WizLab)
1557 creatures vanquished.

Vanquished Creatures (collateral kills)
  Azrael (Elf:2)
1 creature vanquished.

Vanquished Creatures (others)
  A thorn hunter (Swamp:4)
  11 hydras
  An oklob plant (Swamp:4)
  An orc warrior (D:6)
  An orc wizard (D:7)
  2 orcs (D:6)
  3 briar patches
  A crawling corpse (Elf:1)
  11 fungi
  16 plants
  19 starspawn tentacles (WizLab)
  215 starspawn tentacle segments (WizLab)
282 creatures vanquished.

Grand Total: 1840 creatures vanquished

Notes
Turn   | Place    | Note
--------------------------------------------------------------
     0 | Abyss:1  | Gargoyl the Demonspawn Abyssal Knight began the quest for the Orb.
     0 | Abyss:1  | Reached XP level 1. HP: 18/18 MP: 2/2
    50 | Abyss:1  | Noticed a large abomination
    68 | Abyss:1  | Noticed a small abomination
   137 | Abyss:1  | Noticed a small abomination
   141 | Abyss:1  | Noticed a sixfirhy
   141 | Abyss:1  | Noticed a raiju
   143 | D:1      | Escaped the Abyss
   412 | D:1      | Reached * piety under Lugonu
   412 | D:1      | Reached skill level 1 in Dodging
   412 | D:1      | Gained mutation: You regenerate a little health from kills. [demonic ancestry]
   412 | D:1      | Reached XP level 2. HP: 12/24 MP: 3/3
  1208 | D:1      | Gained mutation: You regenerate health from kills. [demonic ancestry]
  1208 | D:1      | Reached XP level 3. HP: 29/29 MP: 4/4
  1407 | D:2      | Found a sacrificial altar of Ru.
  1407 | D:2      | Found an ancient bone altar of Kikubaaqudgha.
  1707 | D:2      | Reached ** piety under Lugonu
  1817 | D:2      | Found a white marble altar of Elyvilon.
  1820 | D:2      | Found a glowing silver altar of Zin.
  2226 | D:3      | Gained mutation: You are partially covered in yellow scales (AC +2). [demonic ancestry]
  2226 | D:3      | Reached XP level 4. HP: 25/35 MP: 5/5
  2369 | D:3      | Found a glowing golden altar of the Shining One.
  2413 | D:3      | Found a snail-covered altar of Cheibriados.
  2511 | D:3      | Reached XP level 5. HP: 41/41 MP: 6/6
  3302 | D:4      | Found Niofobli's Magic Scroll Boutique.
  3539 | D:4      | Reached XP level 6. HP: 25/48 MP: 7/7
  3547 | D:4      | Reached *** piety under Lugonu
  3547 | D:4      | Reached skill level 4 in Armour
  3666 | D:4      | Noticed Gargoyl's ghost (novice DsAK)
  3668 | D:4      | Reached skill level 1 in Shields
  3763 | D:4      | Killed Gargoyl's ghost
  3763 | D:4      | Reached skill level 5 in Armour
  3763 | D:4      | Gained mutation: You regenerate a lot of health from kills. [demonic ancestry]
  3763 | D:4      | Reached XP level 7. HP: 12/54 MP: 7/9
  4164 | D:5      | Entered Level 5 of the Dungeon
  4505 | D:5      | Found a shimmering altar of Xom.
  4883 | D:5      | Found Jefui's Antique Armour Boutique.
  5112 | D:6      | Noticed Menkaure
  5134 | D:6      | Killed Menkaure
  5234 | D:6      | Gained mutation: You are partially covered in sharp spines. [demonic ancestry]
  5234 | D:6      | Reached XP level 8. HP: 59/61 MP: 10/10
  5282 | D:6      | Noticed Pikel
  5313 | D:6      | Killed Pikel
  5313 | D:6      | Reached skill level 6 in Armour
  5459 | D:6      | Found a burning altar of Makhleb.
  5467 | D:6      | Reached skill level 5 in Fighting
  5467 | D:6      | Reached skill level 7 in Armour
  5502 | D:6      | Found a white marble altar of Elyvilon.
  5714 | D:6      | Gained mutation: You are robust (+10% HP). [mutagenic meat]
  5715 | D:6      | Gained mutation: You are weak. (Str -2) [mutagenic meat]
  5716 | D:6      | Lost mutation: You are weak. (Str -2) [mutagenic meat]
  5717 | D:6      | Gained mutation: You are somewhat resistant to further mutation. [mutagenic meat]
  5862 | D:4      | Bought a scroll of brand weapon for 200 gold pieces
  6011 | D:7      | Reached skill level 5 in Axes
  6014 | D:7      | Reached XP level 9. HP: 74/74 MP: 11/11
  6023 | D:7      | Found a staircase to the Ecumenical Temple.
  6209 | D:7      | Reached **** piety under Lugonu
  6273 | D:7      | Reached skill level 8 in Armour
  7123 | D:5      | Bought a pair of runed gloves for 130 gold pieces
  7232 | D:8      | Reached skill level 9 in Armour
  7740 | D:9      | Reached XP level 10. HP: 83/83 MP: 12/12
  7814 | D:9      | Noticed Maurice
  7864 | D:9      | Killed Maurice
  8090 | D:9      | Found a bloodstained altar of Trog.
  8124 | D:9      | Reached skill level 10 in Armour
  8126 | D:9      | Reached ***** piety under Lugonu
  8152 | D:9      | Found a flagged portal.
  8159 | Bailey   | Entered a bailey
  8962 | D:10     | Entered Level 10 of the Dungeon
  8962 | D:10     | Noticed Erolcha
  9036 | D:10     | Killed Erolcha
  9036 | D:10     | Reached skill level 11 in Armour
  9131 | D:10     | Reached ****** piety under Lugonu
  9190 | D:10     | Noticed a hill giant
  9198 | D:10     | Reached XP level 11. HP: 71/92 MP: 13/13
  9201 | D:10     | Killed a hill giant
  9404 | D:10     | Noticed a hill giant
  9416 | D:10     | Killed a hill giant
  9474 | D:10     | Found a portal to a secret trove of treasure.
  9541 | D:11     | Noticed a hill giant
  9560 | D:11     | Killed a hill giant
  9619 | D:11     | Found a staircase to the Lair.
  9631 | D:11     | Noticed a hill giant
  9656 | D:11     | Killed a hill giant
  9686 | D:11     | Got a pitted long sword
  9687 | D:11     | Identified the +5 long sword of Anguish {venom, Dex+3} (You found it on level 11 of the Dungeon)
  9760 | D:11     | Reached skill level 12 in Armour
 10018 | D:11     | Found a staircase to the Orcish Mines.
 10459 | Orc:1    | Entered Level 1 of the Orcish Mines
 10475 | Orc:1    | Noticed Erica
 10686 | D:5      | Bought a pair of pitted boots for 275 gold pieces
 10697 | D:5      | Identified the cursed +0 pair of boots of Isuuz {MR+ Str+3} (You bought it in a shop on level 5 of the Dungeon)
 10887 | Orc:1    | Killed Erica
 10982 | Orc:1    | Found Erghon's Jewellery Emporium.
 10992 | Orc:1    | Bought an uncursed amulet of clarity for 260 gold pieces
 10992 | Orc:1    | Bought a +3 ring of dexterity for 204 gold pieces
 11090 | Orc:2    | Gained mutation: You have sharp fingernails. [demonic ancestry]
 11090 | Orc:2    | Reached XP level 12. HP: 96/103 MP: 14/14
 11218 | Orc:2    | Noticed Nergalle
 11582 | Orc:2    | Killed Nergalle
 12395 | Orc:3    | Found a staircase to the Elven Halls.
 12595 | Orc:3    | Found a roughly hewn altar of Beogh.
 12740 | Orc:3    | Reached skill level 13 in Armour
 12795 | Orc:4    | Entered Level 4 of the Orcish Mines
 12899 | Orc:4    | Found Coihaxkod's Book Boutique.
 12922 | Orc:4    | Noticed Nessos
 12955 | Orc:4    | Killed Nessos
 12958 | Orc:4    | Noticed an ogre mage
 12962 | Orc:4    | Reached skill level 10 in Axes
 13880 | Orc:4    | Killed an ogre mage
 13880 | Orc:4    | Reached skill level 10 in Fighting
 13889 | Orc:4    | Gained mutation: You are mostly covered in sharp spines. [demonic ancestry]
 13889 | Orc:4    | Reached XP level 13. HP: 113/113 MP: 15/15
 14028 | Orc:4    | Found Gidghe's Antique Weapon Emporium.
 14029 | Orc:4    | Found Faull's Armour Emporium.
 14053 | Orc:4    | Found Erghoalea's Assorted Antiques.
 14063 | Orc:4    | Found Zihajeim's Antique Weapon Shoppe.
 14066 | Orc:4    | Bought a potion of curing for 105 gold pieces
 14090 | Orc:4    | Bought a glowing battleaxe for 188 gold pieces
 14333 | Lair:1   | Entered Level 1 of the Lair of Beasts
 14538 | Lair:1   | Found a labyrinth entrance.
 14558 | Lab      | Entered a labyrinth
 14580 | Lab      | Reached skill level 14 in Armour
 15351 | Lair:1   | Got a pair of jewelled gloves
 15352 | Lair:1   | Identified the +1 pair of gloves of the Illusory Curses {Int+3} (You found it on level 1 of the Lair of Beasts)
 17441 | Lair:4   | Found a staircase to the Swamp.
 17713 | Lair:4   | Noticed Rupert
 17731 | Lair:4   | Killed Rupert
 17731 | Lair:4   | Reached skill level 15 in Armour
 18034 | Lair:4   | Reached XP level 14. HP: 109/124 MP: 17/17
 18262 | Lair:5   | Found a staircase to the Snake Pit.
 18499 | Lair:5   | Found a runed door.
 18884 | Lair:6   | Reached skill level 5 in Invocations
 19724 | Lair:7   | Found a staircase to the Slime Pits.
 20430 | Lair:8   | Entered Level 8 of the Lair of Beasts
 20527 | Lair:8   | Noticed Josephine
 20538 | Lair:8   | Killed Josephine
 21475 | Lair:8   | Reached skill level 16 in Armour
 21475 | Lair:8   | Reached XP level 15. HP: 39/133 MP: 10/19
 22523 | Elf:1    | Entered Level 1 of the Elven Halls
 23804 | Elf:2    | Reached skill level 1 in Stealth
 24090 | Elf:2    | Noticed Azrael
 24111 | Elf:2    | Killed Azrael
 24112 | Elf:2    | Found a runed gate.
 24112 | Elf:2    | Found a runed gate.
 24288 | Elf:2    | Found a runed gate.
 24504 | Elf:2    | Reached XP level 16. HP: 144/144 MP: 20/20
 25124 | Elf:2    | Reached skill level 1 in Throwing
 25390 | Elf:2    | Reached skill level 17 in Armour
 26517 | Snake:1  | Entered Level 1 of the Snake Pit
 27068 | Snake:1  | Got an iridescent mace
 27069 | Snake:1  | Identified the +7 mace of the Lost Orbs {vamp, rF+ rC+ Dex-5} (You found it on level 1 of the Snake Pit)
 27124 | Snake:1  | Got a translucent mace
 27125 | Snake:1  | Identified the +2 mace "Nafeo" {speed, rN+} (You found it on level 1 of the Snake Pit)
 27354 | Snake:1  | Got a polished morningstar
 27921 | Snake:2  | Reached skill level 5 in Dodging
 28218 | Snake:2  | Reached skill level 15 in Axes
 28784 | Snake:3  | Reached XP level 17. HP: 123/154 MP: 21/21
 28814 | Snake:3  | Identified the cursed +2 morningstar "Killer Klown's Peril" {elec, rElec Stlth+} (You found it on level 1 of the Snake Pit)
 28820 | Snake:3  | Identified a scroll of acquirement
 29733 | Snake:4  | Entered Level 4 of the Snake Pit
 29800 | Snake:4  | Reached skill level 18 in Armour
 30199 | Snake:4  | Noticed Norris
 30232 | Snake:4  | Killed Norris
 30267 | Snake:4  | Identified the Collected Works on Moulding and Intoxication
 30324 | Snake:4  | Reached skill level 15 in Fighting
 31167 | Snake:4  | Noticed Vashnia
 31746 | Snake:4  | Noticed Saint Roka
 32584 | D:4      | Bought a scroll of enchant armour for 75 gold pieces
 32589 | D:4      | Gained mutation: You tend to lose your temper in combat. [potion of mutation]
 32844 | D:12     | Noticed Urug
 32864 | D:12     | Killed Urug
 32987 | D:12     | Found a shimmering altar of Xom.
 33184 | D:12     | Noticed Sonja
 33367 | D:13     | Found a gate to the Vaults.
 33367 | D:13     | Noticed Donald
 33431 | D:12     | Killed Donald
 33905 | Snake:3  | Gained mutation: You are completely covered in sharp spines. [demonic ancestry]
 33905 | Snake:3  | Reached XP level 18. HP: 140/163 MP: 23/23
 34096 | Snake:4  | Reached skill level 1 in Maces & Flails
 34410 | Snake:4  | Noticed Agnes
 34420 | Snake:4  | Killed Agnes
 34495 | Snake:4  | Killed Vashnia
 34582 | Snake:4  | Banished Saint Roka
 34582 | Snake:4  | Reached skill level 19 in Armour
 34787 | Snake:4  | Got a serpentine rune of Zot
 35087 | Swamp:1  | Entered Level 1 of the Swamp
 37397 | Swamp:4  | Entered Level 4 of the Swamp
 37679 | Swamp:4  | Gained mutation: You are very robust (+20% HP). [demonic ancestry]
 37679 | Swamp:4  | Reached XP level 19. HP: 88/189 MP: 19/24
 38209 | Swamp:4  | Noticed a bone dragon
 38291 | Swamp:4  | Killed a bone dragon
 38696 | Swamp:4  | Got a decaying rune of Zot
 39327 | Elf:3    | Entered Level 3 of the Elven Halls
 39525 | Elf:3    | Noticed Jorgrun
 39546 | Elf:3    | Killed Jorgrun
 39705 | Elf:3    | Found a magical portal.
 39714 | WizLab   | Entered Lehudib's Moon Base
 40185 | WizLab   | Lost mutation: You tend to lose your temper in combat. [potion of cure mutation]
 40185 | WizLab   | Lost mutation: You are somewhat resistant to further mutation. [potion of cure mutation]
 40185 | WizLab   | Lost mutation: You are very robust (+20% HP). [potion of cure mutation]
 40355 | WizLab   | Gained mutation: You are weak. (Str -2) [a neqoxec]
 41197 | Elf:3    | Killed from afar by a deep elf annihilator

Action                   |  1- 3 |  4- 6 |  7- 9 | 10-12 | 13-15 | 16-18 | 19-21 || total
-------------------------+-------+-------+-------+-------+-------+-------+-------++-------
Melee: Hand axe          |   203 |   236 |   202 |       |       |       |       ||   641
       Battleaxe         |       |       |   150 |   835 |  1173 |  1512 |   480 ||  4150
       Morningstar       |       |       |       |       |       |    80 |       ||    80
Throw: Tomahawk          |       |       |       |    11 |     2 |       |       ||    13
       Javelin           |       |       |       |       |       |    10 |       ||    10
Invok: Depart the Abyss  |     1 |       |       |       |       |       |       ||     1
       Banish            |       |     2 |       |       |    18 |    16 |     3 ||    39
       Bend Space        |       |       |       |     1 |       |       |       ||     1
Evoke: Phial of floods   |       |       |       |       |     1 |       |       ||     1
  Use: Scroll            |     3 |       |    19 |     7 |    15 |    25 |     6 ||    75
       Potion            |       |     4 |     5 |     2 |     7 |    15 |     2 ||    35
  Eat: Chunk             |     5 |     4 |    13 |    15 |     4 |     2 |     1 ||    44
       Fruit             |       |     1 |     8 |       |    10 |       |       ||    19
       Meat ration       |       |       |     1 |     1 |     3 |     1 |       ||     6
       Pizza             |       |       |       |     1 |     3 |     1 |       ||     5
       Royal jelly       |       |       |       |     4 |     8 |       |       ||    12
       Bread ration      |       |       |       |       |       |    11 |     3 ||    14
